 Dungeon Crawl Stone Soup version 0.18-a0-1390-gc02854d (webtiles) character file.

175 Kidiri the Conjurer (level 5, -2/28 HPs)
             Began as a Deep Elf Conjurer on Feb 22, 2016.
             Slain by an orc priest
             ... wielding a +1 morningstar of crushing
              (4 damage)
             ... on level 3 of the Dungeon.
             The game lasted 00:10:03 (2423 turns).

Kidiri the Conjurer (Deep Elf Conjurer)             Turns: 2423, Time: 00:10:03

Health: -2/28      AC:  8    Str:  5    XL:     5   Next: 29%
Magic:  1/13       EV: 13    Int: 21    God:
Gold:   59         SH:  2    Dex: 15    Spells: 4 memorised, 2 levels left

rFire  . . .     SeeInvis .     o - +0 quarterstaff (protect)
rCold  . . .     Gourm    .     a - +0 robe
rNeg   . . .     Faith    .     (shield currently unavailable)
rPois  .         Spirit   .     (no helmet)
rElec  .         Dismiss  .     (no cloak)
rCorr  .         Reflect  +     n - +0 pair of gloves (curse)
SustAt .         Harm     .     (no boots)
MR     .....                    i - +2 amulet of reflection
Stlth  ++........               (no ring)
                                (no ring)

@: not resistant to hostile enchantments, unstealthy
A: no striking features
a: no special abilities


You were on level 3 of the Dungeon.
You were not hungry.

You visited 1 branch of the dungeon, and saw 3 of its levels.

You collected 59 gold pieces.

Inventory:

Hand Weapons
 o - a +0 quarterstaff of protection (weapon)
Missiles
 p - a throwing net (quivered)
Armour
 a - a +0 robe (worn)
 n - a cursed +0 pair of gloves (worn)
Jewellery
 i - a +2 amulet of reflection (around neck)
 j - an uncursed amulet of dismissal
Scrolls
 g - 2 scrolls of teleportation
 q - a scroll of amnesia {unknown}
Potions
 e - a potion of brilliance
 f - a potion of lignification
 h - a potion of might {unknown}
 k - a potion of flight {unknown}
 m - a potion of curing {unknown}
Books
 b - a book of Conjurations

   Spells                             Type                      Level
   a - Magic Dart                     Conjuration                  1
   b - Searing Ray                    Conjuration                  2
   c - Dazzling Spray                 Conjuration/Hexes            3
   d - Fulminant Prism                Conjuration/Hexes            4
   e - Iskenderun's Mystic Blast      Conjuration                  4
   f - Iskenderun's Battlesphere      Conjuration/Charms           5
Comestibles
 c - 5 bread rations
 d - 3 meat rations
 l - 5 chunks of flesh


   Skills:
 + Level 0.6 Staves
 + Level 1.4 Armour
 * Level 3.0 Dodging
 + Level 3.5 Stealth
 * Level 4.4 Spellcasting
 * Level 5.1 Conjurations
 + Level 1.6 Hexes


You had 2 spell levels left.
You knew the following spells:

 Your Spells              Type           Power        Failure   Level  Hunger
a - Magic Dart            Conj           ####         1%          1    None
b - Searing Ray           Conj           ####..       1%          2    #......
c - Dazzling Spray        Conj/Hex       ###.....     10%         3    ##.....
e - Fulminant Prism       Conj/Hex       ###.......   28%         4    ####...


Dungeon Overview and Level Annotations

Branches:
Dungeon (3/15)

Altars:
Ru


Message History

The orc priest is dazzled.
The orc priest barely misses you.
You barely miss the orc priest.
The orc priest is moderately wounded.
The orc priest mumbles some strange prayers to Beogh against you.
Beogh smites you!
You hit the orc priest.
The orc priest is moderately wounded.
The orc priest misses you.
You catch the helpless orc priest completely off-guard!
You hit the orc priest but do no damage.
The orc priest is moderately wounded.
The orc priest calls down the wrath of Beogh upon you.
Pain shoots through your body!
* * * LOW HITPOINT WARNING * * *
Unknown command.
Drink which item? (? for menu, Esc to quit)
Okay, then.
The orc priest is no longer blind.
The orc priest hits you with a morningstar of crushing.
You die...

#.. # ....# #.# .#
##...## #.###.###
##.....# #<#.....
......### #.#.#.#
#....)). #.....#
#.....# ###.###
#...).# ##.## #o#
##...## ##@## #.#...#
##...## ##.#..#
##.....## ##.#รท##
##.......#
#####...####<........#
...........'.........+
##.##...#.##.........#
#.###.##.###.......##
#...#.##.# ##.....##


You could see an orc priest.

Vanquished Creatures
  Jessica (D:2)
  3 gnolls (D:2)
  4 adders (D:2)
  2 worms (D:2)
  3 dart slugs
  3 giant geckos
  4 orcs (D:3)
  2 giant cockroaches
  8 goblins
  3 hobgoblins
  5 jackals (D:1)
  9 kobolds
  A quokka (D:2)
  A ball python (D:2)
  8 bats
  4 giant newts
  4 rats (D:1)
65 creatures vanquished.

Notes
Turn   | Place    | Note
--------------------------------------------------------------
     0 | D:1      | Kidiri the Deep Elf Conjurer began the quest for the Orb.
     0 | D:1      | Reached XP level 1. HP: 10/10 MP: 6/6
   112 | D:1      | Reached XP level 2. HP: 15/15 MP: 0/8
   116 | D:1      | Learned a level 2 spell: Searing Ray
   509 | D:1      | Reached skill level 1 in Armour
   522 | D:1      | Reached XP level 3. HP: 7/19 MP: 0/10
   527 | D:1      | Learned a level 3 spell: Dazzling Spray
  1071 | D:2      | Found a sacrificial altar of Ru.
  1420 | D:2      | Reached XP level 4. HP: 24/24 MP: 5/11
  1515 | D:2      | Learned a level 4 spell: Fulminant Prism
  1532 | D:2      | Reached skill level 1 in Hexes
  1753 | D:2      | Reached skill level 5 in Conjurations
  2144 | D:2      | Noticed Jessica
  2147 | D:2      | Killed Jessica
  2147 | D:2      | Reached XP level 5. HP: 28/28 MP: 8/13
  2423 | D:3      | Slain by an orc priest

Vault maps used:
D:1:      minmay_arrival_stair_chambers
D:2:      kennysheep_six_static_rooms, hangedman_ru_absence, uniq_jessica
D:3:      uniq_terence

Skill      XL: |  1  2  3  4 |
---------------+-------------+-----
Armour         | 1 |  1.4
Stealth        | 3 |  3.5
Hexes          | 1 |  1.6
Conjurations   | 5 |  5.1
Spellcasting   | 4 |  4.4
Dodging        | 3 |  3.0
Staves         | |  0.6

Action                   |  1- 3 |  4- 6 || total
-------------------------+-------+-------++-------
Melee: Quarterstaff      |       |    12 ||    12
       Unarmed           |       |     1 ||     1
 Cast: Magic Dart        |    80 |    51 ||   131
       Dazzling Spray    |       |     4 ||     4
       Searing Ray       |       |     2 ||     2
  Use: Scroll            |     5 |     1 ||     6
 Stab: Sleeping          |       |     1 ||     1
       Invisible         |       |     1 ||     1
  Eat: Beef jerky        |     1 |       ||     1
       Chunk             |       |     3 ||     3
